 Dungeon Crawl Stone Soup version 0.30-a0-799-g109b55a442 (webtiles) character file.

Game seed: 13520016069629667322

38 Aneyh the Trooper (level 3, -8/24 HPs)
             Began as a Tengu Monk on Feb 21, 2023.
             Killed by divine providence
             ... invoked by an orc priest
              (15 damage)
             ... on level 2 of the Dungeon.
             The game lasted 00:01:14 (801 turns).

Aneyh the Trooper (Tengu Monk)                       Turns: 801, Time: 00:01:14

Health: -8/24      AC:  2    Str: 13    XL:     3   Next: 43%
Magic:  4/4        EV: 13    Int: 10    God:
Gold:   59         SH:  0    Dex: 16    Spells: 2/2 levels left

rFire   . . .      SeeInvis .    a - +0 spear
rCold   . . .      Faith    .    (no shield)
rNeg    . . .      Spirit   .    b - +0 robe
rPois   .          Reflect  .    (helmet restricted)
rElec   .          Harm     .    (no cloak)
rCorr   .          Rampage  .    (no gloves)
Will    .....                    (boots unavailable)
Stlth   +                        (no amulet)
HPRegen 0.24/turn                (no ring)
MPRegen 0.09/turn                (no ring)

@: confused
A: beak, talons 3
a: no special abilities


You were on level 2 of the Dungeon.
You visited 1 branch of the dungeon, and saw 2 of its levels.

You collected 59 gold pieces.

Inventory:

Hand Weapons
 a - a +0 spear (weapon)
Armour
 b - a +0 robe (worn)
Jewellery
 g - a +6 ring of dexterity
Scrolls
 e - a scroll of identify {unknown}
 f - 2 scrolls of poison {unknown}
 h - a scroll of amnesia {unknown}
 i - a scroll of torment {unknown}
Potions
 c - a potion of ambrosia
 d - a potion of berserk rage {unknown}
 j - a potion of flight {unknown}


   Skills:
 + Level 4.4 Fighting
 - Level 3.2 Polearms
 - Level 3.2 Dodging
 - Level 2.0 Stealth


You had 2 spell levels left.
You didn't know any spells.
Your spell library contained the following spells:

 Spells                   Type           Power      Damage    Failure   Level
 Static Discharge         Conj/Air       0%         2-2/arc   50%         2
 Portal Projectile        Hex/Tloc       0%         N/A       75%         3
 Tukima's Dance           Hex            0%         N/A       75%         3
 Vhi's Electric Charge    Tloc/Air       0%         N/A       75%         3
 Passage of Golubria      Tloc           0%         N/A       98%         4
 Arcjolt                  Conj/Air       0%         1d10      100%        5
 Blade Hands              Tmut           0%         N/A       100%        5
 Lightning Bolt           Conj/Air       0%         1d11      100%        5
 Yara's Violent Unravell  Hex/Tmut       0%         3d3       100%        5


Dungeon Overview and Level Annotations

Branches:
Dungeon (2/15)

Altars:

Shops:
D:1 ?


Innate Abilities, Weirdness & Mutations

You have a beak for a mouth.
You have claws for feet.


Message History

You add the spells Portal Projectile and Blade Hands to your library.
No target in view!
No target in view!
Found a stone staircase leading down.
An orc wizard and an orc priest come into view.
An orc comes into view. It is wielding a +0 club.
You see here a scroll labelled XAURRAO KIYPO.
An orc priest and an orc come into view.
The orc is wielding a +0 heavy hand axe.
The orc priest shouts!
The orc wizard shouts!
The orc shouts! x2
The orc priest shouts!
You barely miss the orc wizard.
You peck the orc wizard, but do no damage.
The orc wizard hits you with a +0 dagger.
You hit the orc wizard. You claw the orc wizard.
The orc wizard is moderately wounded.
The orc wizard gestures at you while chanting.
You are confused.
You are too confused!
You are too confused!
You bump into the rock wall.
The orc wizard casts a spell at you. The puff of flame misses you.
You bump into the rock wall.
The orc wizard hits you with a +0 dagger.
You miss the orc wizard.
You claw the orc wizard, but do no damage.
The orc wizard is moderately wounded.
The orc priest begins to cast a cantrip, but forgets the words!
The orc wizard hits you with a +0 dagger.
The orc priest mumbles some strange prayers to Beogh against you.
Beogh smites you!
Ouch! That really hurt!
* * * LOW HITPOINT WARNING * * *
The orc wizard casts a spell at you.
You are more confused.
The orc priest invokes the aid of Beogh against you.
Beogh smites you!
Ouch! That really hurt!
You die...

#.##.## ####.# ##
#.#...###....####.
#.........#.......
###...###....###.#
##.## ####.....#
#.# #####.# #.#
#.. #.########.#
### #.ooooo@.?.#
############


You could see 2 orc priests, an orc wizard and 2 orcs.

Vanquished Creatures
  2 dart slugs (D:1)
  3 ball pythons (D:1)
  3 endoplasms (D:1)
  5 giant cockroaches (D:1)
  4 goblins (D:1)
  3 hobgoblins (D:1)
  2 quokkas
  4 bats (D:1)
  3 frilled lizards (D:1)
  2 rats
31 creatures vanquished.

Notes
Turn   | Place    | Note
-------+----------+-------------------------------------------
     0 | D:1      | Aneyh the Tengu Monk began the quest for the Orb.
     0 | D:1      | Reached XP level 1. HP: 14/14 MP: 2/2
    66 | D:1      | Reached XP level 2. HP: 7/19 MP: 3/3
   309 | D:1      | Reached skill level 4 in Fighting
   311 | D:1      | Reached XP level 3. HP: 19/24 MP: 4/4
   442 | D:1      | Found Jyitsi's Magic Scroll Emporium.
   801 | D:2      | Killed from afar by an orc priest

Illustrated notes

Levels and vault maps discovered:
D:1:      minmay_arrival_four_houses, layout_basic, serial_shops,
          nicolae_shop_waterfront, minmay_worlds_worst_comb
D:2:      layout_loops_ring

Skill      XL: |  1  2 |
---------------+-------+-----
Fighting       | 4 |  4.4
Polearms       | |  3.2
Dodging        | |  3.2
Stealth        | |  2.0

Action                     || total
---------------------------++-------
  Melee: Spear             ||    85
         Kick              ||    18
         Peck              ||    13
         Punch             ||     1
   Stab: Sleeping          ||     6
 Armour: Robe              ||    12
  Dodge: Dodged            ||    41

Table legend: (Time is in decaauts)
 A = Elapsed time spent in this place.
 B = Non-inter-level travel time spent in this place.
 C = Inter-level travel time spent in this place.
 D = Time resting spent in this place.
 E = Time spent auto-exploring this place.
 F = Levels seen in this place.
 G = Mean time per level.
                   A        B        C        D        E       F      G
               +--------+--------+--------+--------+--------+-----+--------+
         Total |    796 |    790 |      6 |    103 |    495 |   2 |  398.0 |
       Dungeon |    796 |    790 |      6 |    103 |    495 |   2 |  398.0 |
               +--------+--------+--------+--------+--------+-----+--------+

Top non-repeatable levels by time:
     D:1: 743 daAuts
     D:2: 53 daAuts
